Unix NetHack Version 3.7.0-53 Work-in-progress - last build Apr 18 2022 03:42:42 (02b85442fffe0e2954e411e09df771b56fe27bbc,branch:master). Game began 2022-04-24 01:06:56, ended 2022-05-02 19:39:49. spontiff, neutral male gnomish Healer ---------------- |.....@........| --------- |....d.........- ###.........#######...............| # # |.......|# |..............| ---.- ####........|# -------.--.----- ####....| ------ #### |.......|## #### ## # |[>.| |....| ### ###........|## ### ## # |...| |....-####### |.......|## # #### ###########....| |....| # -.-------## # # ### -|--- ------ ################### ### #### # # ##########0 ------.-------### #--|-.- |............|# #|....| |.............# #|....| |............| #|....| |............| #|....| |.......*....| #-....| -------------- ------ Spontiff the Rhizotomist St:18/03 Dx:10 Co:18 In:10 Wi:16 Ch:17 Neutral S:724 Dlvl:1 $:0 HP:63(63) Pw:9(9) AC:-12 Xp:1/6 T:37163 Latest messages: You see here an uncursed locked large box containing 70 items. What do you want to use or apply? [cfkloswxW or ?*] f Where do you want to travel to? (For instructions type a '?') The large dog misses the bat. The bat misses! You begin bashing monsters with your gloved hands. You kill the bat! #oh ffs: unknown extended command. Where do you want to travel to? (For instructions type a '?') What do you want to use or apply? [cfkloswxW or ?*] o You produce a strange whistling sound. The large dog appears next to you! You climb up the stairs. Where do you want to travel to? (For instructions type a '?') You climb up the stairs. Where do you want to travel to? (For instructions type a '?') What do you want to use or apply? [cfkloswxW or ?*] o You produce a strange whistling sound. The large dog vanishes and reappears next to you. The newt misses! The large dog misses the newt. The large dog bites the newt. The newt is killed! There is a doorway here. You see here a newt corpse. There is a newt corpse here; eat it? [ynq] (n) y This newt corpse tastes okay. You finish eating the newt corpse. You feel a mild buzz. Where do you want to travel to? (For instructions type a '?') The goblin misses! The large dog misses the goblin. The large dog bites the goblin. The goblin is killed! Where do you want to travel to? (For instructions type a '?') What do you want to use or apply? [cfkloswxW or ?*] o You produce a strange whistling sound. The large dog appears next to you! What do you want to use or apply? [cfkloswxW or ?*] o You produce a strange whistling sound. The large dog vanishes and reappears next to you. Beware, there will be no return! Still climb? [yn] (n) y Do you want your possessions identified? [ynq] (y) y Do you want to see the dungeon overview? [ynq] (y) y Major events: Turn 1: spontiff the neutral male gnomish Healer entered the dungeon 1933: entered the Gnomish Mines 4736: reached Mine Town 15285: killed the Oracle 16107: entered Sokoban 16679: completed sokoban 1 17654: completed sokoban 2 18291: completed sokoban 3 26528: entered the Bigroom 31051: acquired the Mines' End luckstone 37163: escaped Inventory: Amulets A - an uncursed amulet versus poison (being worn) Armor h - an uncursed +0 dwarvish iron helm (being worn) g - an uncursed +1 pair of leather gloves (being worn) v - an uncursed +3 pair of iron shoes (being worn) r - an uncursed +0 small shield (being worn) q - a blessed +0 dwarvish cloak (being worn) d - an uncursed +0 leather armor (being worn) Comestibles n - an uncursed food ration y - an uncursed orange i - an uncursed lizard corpse Rings R - an uncursed ring of fire resistance (on right hand) Tools f - an uncursed greased sack containing 33 items W - an uncursed frost horn named empty (0:0) o - an uncursed magic whistle w - an uncursed mirror x - a blessed oil lamp k - an uncursed skeleton key named FiPo SITy s - an uncursed stethoscope c - a blessed +0 unicorn horn Gems/Stones E - an uncursed topaz stone l - a blessed luckstone Contents of the sack: 839 gold pieces an uncursed amulet of reflection an uncursed -1 pair of water walking boots an uncursed +0 mummy wrapping 2 uncursed lizard corpses 3 blessed scrolls of blank paper 5 uncursed scrolls of blank paper a cursed scroll of blank paper a cursed scroll of earth a cursed scroll of identify 5 uncursed scrolls of teleportation a blessed potion of full healing an uncursed potion of gain ability an uncursed potion of gain level a potion of holy water an uncursed potion of water an uncursed ring of conflict an uncursed ring of stealth a cursed ring of teleportation an uncursed wand of cancellation (0:8) an uncursed wand of digging (0:5) a blessed wand of teleportation (0:8) an uncursed can of grease (0:17) an uncursed expensive camera (0:53) an uncursed magic marker (0:67) 2 uncursed amber stones 2 uncursed amethyst stones an uncursed chrysoberyl stone 2 uncursed diamonds 6 uncursed emeralds an uncursed jade stone 2 uncursed rubies a blessed luckstone Spontiff the Healer's attributes: Background: You were a Rhizotomist, a level 1 male gnomish Healer. You were neutral, on a mission for Hermes who was opposed by Athena (lawful) and Poseidon (chaotic). You were in the Dungeons of Doom, on level 1. You entered the dungeon 37163 turns ago. There was a new moon in effect when your adventure ended. You had 6 experience points, 14 more were needed to attain level 2. Your score was 724 before end-of-game adjustments. Basics: You had all 63 hit points. You had all 9 energy points (spell power). Your armor class was -12. Your wallet was empty. Autopickup was on for '$!/="?' plus thrown, with exceptions. Final Characteristics: Your strength was 18/03 (limit:18/50). Your dexterity was 10 (limit:18). Your constitution was 18 (limit:18). Your intelligence was 10 (limit:19). Your wisdom was 16 (limit:18). Your charisma was 17 (limit:18). Final Status: You were not hungry. You were unencumbered. You were empty handed. You were unskilled in bare handed combat. Final Attributes: You were piously aligned. You were fire resistant. Your items were protected from fire. You were poison resistant. You saw invisible. You were telepathic. You had infravision. You were invisible to others. You had a moderate defense bonus (+10). You were warded. You were lucky. You had extra luck. Good luck did not time out for you. You survived. Miscellaneous: You never encountered a bones level. Total elapsed playing time was 10 hours, 59 minutes and 46 seconds. Vanquished creatures: the Oracle a queen bee a giant mimic a large mimic 2 small mimics 2 large dogs a large cat a leather golem 4 watchmen 2 giant beetles a quivering blob 3 wolves 2 spotted jellies 12 leprechauns 2 iron piercers 4 giant spiders a horse a vampire bat a gnome ruler 2 ogres a brown pudding 2 owlbears a yeti 6 lizards 2 dingoes a dog 2 dwarf leaders a white unicorn 3 dust vortices a raven 2 plains centaurs a gnome mummy a snake 8 water moccasins 3 human zombies 5 soldier ants an imp 4 wood nymphs 6 water nymphs a mountain nymph 3 Mordor orcs 2 Uruk-hai 2 orc shamans 8 rock piercers 11 rock moles 2 ponies 4 fog clouds 10 yellow lights 7 shriekers 4 violet fungi 6 gnome leaders 3 gnomish wizards 2 kobold mummies 6 gray oozes 5 elf zombies a ghoul 4 straw golems 5 paper golems 14 giant ants 3 little dogs 18 floating eyes 3 kittens 27 dwarves 6 homunculi 3 kobold leaders a kobold shaman 10 hill orcs 16 rothes 4 rabid rats 3 centipedes 10 giant bats a monkey 4 orc zombies 3 dwarf zombies 6 wererats 2 werejackals 22 iguanas 25 killer bees 11 acid blobs 9 coyotes 9 gas spores 13 hobbits 9 manes 10 large kobolds 13 hobgoblins 23 giant rats 9 cave spiders 4 brown molds 5 yellow molds 6 green molds 6 red molds 29 gnomes 2 garter snakes 6 gnome zombies 28 geckos 31 jackals 7 foxes 5 kobolds 12 goblins 8 sewer rats 24 grid bugs 3 bats 22 lichens 5 kobold zombies 27 newts 699 creatures vanquished. No species were genocided or became extinct. Voluntary challenges: You never hit with a wielded weapon. You read items or engraved 7 times. You never engraved Elbereth. You never genocided any monsters. You never polymorphed an object. You used no wishes. You violated the special Sokoban rules twice. Achievements: You entered a shop. You entered the Gnomish Mines. You entered Minetown. You entered a temple. You entered Sokoban. You entered the Big Room. You completed the Gnomish Mines. The Dungeons of Doom: levels 1 to 15 Level 1: <- You left from here. Level 2: Level 3: "Stash" A general store, an altar to Hermes. Level 4: Stairs down to The Gnomish Mines. Level 5: Level 6: Oracle of Delphi. Level 7: A sink. Stairs up to Sokoban, level 6. Level 8: An altar. Level 9: Level 10: Level 11: Level 12: A very big room. Summoned by Hippocrates. Level 13: Level 14: "Throne" Level 15: A primitive area. The Gnomish Mines: levels 5 to 13 Level 5: Level 6: "teletrap" Level 7: "magic trap" Level 8: Many shops, a temple to Hermes, some fountains. Level 9: Level 10: Level 11: Level 12: Level 13: Sokoban: levels 6 up to 3 Level 3: Unsolved. Level 4: Solved. Level 5: Solved. Level 6: Solved. Goodbye spontiff the Healer... You and the large dog escaped from the dungeon with 36168 points, 6 emeralds (worth 15000 zorkmids), 2 diamonds (worth 8000 zorkmids), 2 rubies (worth 7000 zorkmids), 2 amber stones (worth 2000 zorkmids), 2 amethyst stones (worth 1200 zorkmids), 1 topaz stone (worth 900 zorkmids), 1 chrysoberyl stone (worth 700 zorkmids), 1 jade stone (worth 300 zorkmids), 1 amulet versus poison (worth 150 zorkmids), 1 amulet of reflection (worth 150 zorkmids), and 839 pieces of gold, after 37163 moves. You were level 1 with a maximum of 63 hit points when you escaped.